 Dungeon Crawl Stone Soup version 0.22-a0-368-g870eee8 (webtiles) character file.

55 JeffiDaFish the Digger (level 3, -2/19 HPs)
             Began as a Gargoyle Earth Elementalist on Apr 24, 2018.
             Slain by DarkwingDuck's ghost (9 damage)
             ... on level 3 of the Dungeon.
             The game lasted 00:04:12 (2215 turns).

JeffiDaFish the Digger (GrEE)                       Turns: 2215, Time: 00:04:13

Health: -2/19      AC:  7    Str: 11    XL:     3   Next: 93%
Magic:  0/7        EV: 12    Int: 16    God:
Gold:   92         SH:  0    Dex: 10    Spells: 3/7 levels left

rFire    . . .     SeeInvis .   a - +0 short sword
rCold    + . .     Gourm    .   (no shield)
rNeg     + . .     Faith    .   c - +2 robe
rPois    ∞         Spirit   .   (no helmet)
rElec    +         Reflect  .   (no cloak)
rCorr    .         Harm     .   (no gloves)
MR       .....                  (no boots)
Stlth    ++........             (no amulet)
HPRegen  0.06/turn              e - ring of protection from cold
MPRegen  0.10/turn              (no ring)

@: no status effects
A: negative energy resistance 1, electricity resistance, unbreathing,
petrification resistance, rot immunity, AC +3
a: no special abilities


You were on level 3 of the Dungeon.
You were hungry.

You visited 1 branch of the dungeon, and saw 3 of its levels.

You collected 92 gold pieces.

Inventory:

Hand Weapons
 a - a +0 short sword (weapon)
Missiles
 b - 34 stones (quivered)
Armour
 c - a +2 robe (worn)
Jewellery
 e - a ring of protection from cold (left hand)
Scrolls
 g - 2 scrolls of identify
Comestibles
 d - 4 rations
 f - a chunk of flesh


   Skills:
 + Level 0.3 Short Blades
 - Level 1.5 Dodging
 - Level 2.1 Stealth
 + Level 2.8 Spellcasting
   Level 0.7 Transmutations
 + Level 4.8 Earth Magic


You had 3 spell levels left.
You knew the following spells:

 Your Spells              Type           Power        Failure   Level  Hunger
a - Sandblast             Erth           ###...       2%          1    #......
b - Stone Arrow           Conj/Erth      ##....       22%         3    ###....


Dungeon Overview and Level Annotations

Branches:
Dungeon (3/15)

Altars:
Elyvilon

Annotations:
D:3 DarkwingDuck's ghost, amateur DsAK


Innate Abilities, Weirdness & Mutations

You are resistant to torment.
Your stone body is resilient. (AC +3)
You are immune to poison.
You resist negative energy. (rN+)
You are resistant to electric shocks. (rElec)
You can survive without breathing.
You are immune to petrification.
You are immune to rotting.


Message History

Aim: DarkwingDuck's ghost, wielding a vorpal weapon (moderately damaged)
The blast of sand hits DarkwingDuck's ghost.
DarkwingDuck's ghost is moderately damaged.
b - 35 stones
Casting: Sandblast (safe; 2% risk of failure)
Confirm with . or Enter, or press ? or * to list all spells.
Aiming: Sandblast (safe; 2% risk of failure)
Press: ? - help, Shift-Dir - straight line, f/p - DarkwingDuck's ghost
Aim: DarkwingDuck's ghost, wielding a vorpal weapon (moderately damaged)
The blast of sand hits DarkwingDuck's ghost.
DarkwingDuck's ghost is moderately damaged.
b - 34 stones DarkwingDuck's ghost hits you!
Sorry, you're not good enough to have a special ability.
Unknown command.
Casting: Sandblast (safe; 2% risk of failure)
Confirm with . or Enter, or press ? or * to list all spells.
You don't know that spell.
DarkwingDuck's ghost hits you!
You die...

#............#.#
####...###........##
#......# #........
#......# #......#
#......# #......#
#.....## #......# .
#.....#####......#...
#............W.......
#...........@....l...
#....................
######..)..........##
#...........###
##..........#
#..........#
#..........#
#..........#


You could see DarkwingDuck's ghost and a frilled lizard.

Vanquished Creatures
  2 adders
  3 leopard geckos
  4 bats
  2 giant cockroaches (D:1)
  4 goblins
  5 hobgoblins
  5 frilled lizards
  6 kobolds
  4 rats
35 creatures vanquished.

Notes
Turn   | Place    | Note
-------+----------+-------------------------------------------
     0 | D:1      | JeffiDaFish the Gargoyle Earth Elementalist began the quest for the Orb.
     0 | D:1      | Reached XP level 1. HP: 10/10 MP: 3/3
   186 | D:1      | Reached skill level 4 in Earth Magic
   293 | D:1      | Reached XP level 2. HP: 15/15 MP: 0/5
  1255 | D:2      | Reached XP level 3. HP: 19/19 MP: 6/6
  1260 | D:2      | Learned a level 3 spell: Stone Arrow
  1719 | D:2      | Found a white marble altar of Elyvilon.
  2208 | D:3      | Noticed DarkwingDuck's ghost (amateur DsAK)
  2215 | D:3      | Slain by DarkwingDuck's ghost

Vault maps used:
D:1:      saegor_arrival_simple_a
D:2:      kennysheep_flooded_box, minmay_strange_pillars
D:3:      uniq_sigmund

Skill      XL: |  1 |
---------------+----+-----
Earth Magic    | 4 |  4.8
Short Blades   | |  0.3
Dodging        | |  1.5
Stealth        | |  2.1
Spellcasting   | |  2.8
Transmutations | |  0.7

Action                   || total
-------------------------++-------
Melee: Short sword       ||    67
 Cast: Sandblast         ||    36
       Stone Arrow       ||     1
  Use: Scroll            ||     6
       Potion            ||     3
 Stab: Sleeping          ||     3
  Eat: Chunk             ||     4
Armor: Robe              ||    28
Dodge: Dodged            ||    66

Table legend:
 A = Spawn XP
 B = Non-spawn XP
 C = Spawn XP percentage of total XP
 D = Spawn monster count
 E = Non-spawn monster count
 F = Spawn count percentage of total count
 G = Total turns spent on level
                    A         B        C        D         E        F      G
               +---------+---------+-------+---------+---------+-------+---------
         Total |       0 |      79 |   0.0 |       0 |      35 |   0.0 |  2215
               +---------+---------+-------+---------+---------+-------+---------
           D:1 |       0 |      29 |   0.0 |       0 |      19 |   0.0 |  1160
           D:2 |       0 |      35 |   0.0 |       0 |      14 |   0.0 |  1013
           D:3 |       0 |      15 |   0.0 |       0 |       2 |   0.0 |    42
               +---------+---------+-------+---------+---------+-------+---------
